 Dungeon Crawl Stone Soup version 0.28.0 (webtiles) character file.

Game seed: 13162951655306762866

46 Kold the Cudgeller (level 3, -2/29 HPs)
             Began as a Demonspawn Monk on Feb 10, 2022.
             Slain by a gnoll (4 damage)
             ... on level 2 of the Dungeon.
             The game lasted 00:02:13 (2054 turns).

Kold the Cudgeller (Demonspawn Monk)                Turns: 2054, Time: 00:02:15

Health: -2/29      AC:  2    Str: 13    XL:     3   Next: 46%
Magic:  3/3        EV: 13    Int: 11    God:
Gold:   46         SH:  4    Dex: 15    Spells: 2/2 levels left

rFire   . . .      SeeInvis .   a - +0 mace
rCold   . . .      Faith    .   (no shield)
rNeg    . . .      Spirit   .   b - +0 robe
rPois   .          Reflect  .   (no helmet)
rElec   .          Harm     .   (no cloak)
rCorr   .          Rampage  .   (no gloves)
Will    .....                   (no boots)
Stlth   ++........              (no amulet)
HPRegen 0.09/turn               (no ring)
MPRegen 0.08/turn               (no ring)

@: no status effects
A: condensation shield
a: no special abilities


You were on level 2 of the Dungeon.
You visited 1 branch of the dungeon, and saw 2 of its levels.

You collected 46 gold pieces.

Inventory:

Hand Weapons
 a - a +0 mace (weapon)
Armour
 b - a +0 robe (worn)
Scrolls
 d - a scroll of fog {unknown}
 f - a scroll of noise {unknown}
Potions
 c - a potion of resistance


   Skills:
 - Level 3.0 Fighting
 + Level 4.1 Maces & Flails
 - Level 2.7 Dodging
 - Level 1.8 Stealth


You had 2 spell levels left.
You didn't know any spells.
Your spell library contained the following spells:

 Spells                   Type           Power      Damage    Failure   Level
 Beastly Appendage        Tmut           0%         N/A       34%         1
 Wereblood                Tmut           0%         N/A       47%         2
 Spider Form              Tmut/Pois      0%         N/A       71%         3


Dungeon Overview and Level Annotations

Branches:
Dungeon (2/15)

Altars:

Shops:
D:2 *


Innate Abilities, Weirdness & Mutations

A meltable shield of frost defends you. (SH +4)


Message History

A bat comes into view.
A bat is nearby!
No target in view!
No target in view!
No target in view!
No target in view!
A bat is nearby!
A gnoll comes into view. It is wielding a +0 whip.
You hit the bat.
You kill the bat! 2 gnolls come into view.
You see here a bat corpse.
A bat comes into view.
A goblin and a gnoll come into view.
The goblin shouts!
The gnoll shouts!
The gnoll shouts!
The goblin closely misses you. The bat barely misses you.
The gnoll shouts!
You hit the bat.
You kill the bat!
The goblin barely misses you.
You sock the goblin!
You kill the goblin!
Found an escape hatch in the ceiling.
The gnoll closely misses you.
You hit the gnoll.
The gnoll is moderately wounded.
The gnoll misses you. The gnoll barely misses you. x2
You sock the gnoll!
The gnoll is almost dead.
The gnoll closely misses you. The gnoll barely misses you.
The gnoll closely misses you.
The gnoll hits you from afar with a +0 spear.
You block the gnoll's attack.
You barely miss the gnoll.
The gnoll is almost dead.
The gnoll hits you with a +0 whip! The gnoll hits you with a +0 spear.
The gnoll hits you from afar with a +0 spear!
* * * LOW HITPOINT WARNING * * *
The gnoll closely misses you. The gnoll hits you with a +0 whip.
You die...

... ### .<.. .....#
#.##.. .... ....##
##....# ..... .....
#.....# .... ...#
#.###.. ... ... # ###
#####.##.# ...
......g.)# ..#
......g@.#### ..#######
.....g.g....####........
..........†...##...#####
.........##.#.......####
..................#.....
####.####.#.......#.....
#. #.#.#####.###### #.
#...# #.#
...#######.######


You could see 4 gnolls.

Vanquished Creatures
  An adder (D:2)
  3 ball pythons
  3 endoplasms
  A giant cockroach (D:2)
  A hobgoblin (D:2)
  6 jackals (D:1)
  A quokka (D:2)
  2 bats (D:2)
  2 frilled lizards (D:2)
  6 goblins
  3 kobolds
  4 rats
33 creatures vanquished.

Notes
Turn   | Place    | Note
-------+----------+-------------------------------------------
     0 | D:1      | Kold the Demonspawn Monk began the quest for the Orb.
     0 | D:1      | Reached XP level 1. HP: 18/18 MP: 1/1
   105 | D:1      | Reached skill level 3 in Maces & Flails
   390 | D:1      | Gained mutation: A meltable shield of frost defends you.
                  | (SH +4) [demonic ancestry]
   390 | D:1      | Reached XP level 2. HP: 15/24 MP: 2/2
  1493 | D:2      | Found Anakika's Assorted Antiques.
  1504 | D:2      | Reached XP level 3. HP: 23/29 MP: 3/3
  1513 | D:2      | HP: 1/29 [poisoned by an adder]
  1529 | D:1      | Reached skill level 4 in Maces & Flails
  2054 | D:2      | Slain by a gnoll

Illustrated notes

Levels and vault maps discovered:
D:1:      dpeg_arrival_solitude, layout_basic, minmay_door_square
D:2:      layout_rooms, serial_shops, shop

Skill      XL: |  1  2  3 |
---------------+----------+-----
Maces & Flails | 3 4 |  4.1
Fighting       | |  3.0
Dodging        | |  2.7
Stealth        | |  1.8

Action                   || total
-------------------------++-------
Melee: Mace              ||   106
       Punch             ||     3
  Use: Potion            ||     3
 Stab: Sleeping          ||     4
Armor: Robe              ||     9
Dodge: Dodged            ||    73
Block: Other             ||    12
